 Dungeon Crawl Stone Soup version 0.29-a0-613-gf2c431b9b9 (webtiles) character file.

Game seed: 4902905469914082329

1432 DocClef the Cleaver (level 8, -4/74 HPs)
             Began as a Green Draconian Fighter on June 16, 2022.
             Was a Follower of Okawaru.
             Slain by Prince Ribbit (14 damage)
             ... on level 7 of the Dungeon.
             The game lasted 00:06:40 (6537 turns).

DocClef the Cleaver (Green Draconian Fighter)       Turns: 6537, Time: 00:06:41

Health: -4/74      AC:  7    Str: 23    XL:     8   Next: 45%
Magic:  8/8        EV: 11    Int: 13    God:    Okawaru [*.....]
Gold:   309        SH:  4    Dex:  8    Spells: 7/7 levels left

rFire   . . .      SeeInvis .   h - +1 broad axe (vamp)
rCold   + . .      Faith    .   b - +0 buckler
rNeg    . . .      Spirit   .   (body armour unavailable)
rPois   +          Reflect  .   (helmet restricted)
rElec   .          Harm     .   (no cloak)
rCorr   .          Rampage  .   (no gloves)
Will    .....                   f - +0 pair of boots
Stlth   +.........              (no amulet)
HPRegen 0.22/turn               q - ring of protection from cold
MPRegen 0.11/turn               (no ring)

@: no status effects
A: breathe noxious fumes, AC +6, unfitting armour, poison resistance,
cold-blooded, clever 1, strong 1
a: Breathe Noxious Fumes, Renounce Religion, Heroism


You were on level 7 of the Dungeon.
You worshipped Okawaru.
Okawaru was aware of your devotion.
You visited 2 branches of the dungeon, and saw 8 of its levels.

You collected 309 gold pieces.

Inventory:

Hand Weapons
 a - a +0 war axe of flaming
 h - a +1 vampiric broad axe (weapon)
Armour
 b - a +0 buckler (worn)
 f - a +0 pair of boots (worn)
Jewellery
 q - a ring of protection from cold (left hand)
Wands
 j - a wand of iceblast (14)
 o - a wand of flame (23)
 s - a wand of charming (10)
Scrolls
 k - a scroll of amnesia
 l - a scroll of teleportation
 u - 3 scrolls of fear
Potions
 c - 2 potions of resistance {unknown}
 d - 2 potions of magic
 e - 3 potions of haste {unknown}
 g - a potion of heal wounds
 i - 2 potions of lignification {unknown}
 m - a potion of berserk rage
 n - a potion of attraction
 p - a potion of curing
 r - a potion of mutation


   Skills:
 - Level 8.0 Fighting
 + Level 8.3 Axes
 - Level 2.6 Dodging
 - Level 3.0 Shields


You had 7 spell levels left.
You didn't know any spells.
Your spell library contained the following spells:

 Spells                   Type           Power      Damage    Failure   Level
 Magic Dart               Conj           0%         1d3       38%         1
 Slow                     Hex            0%         N/A       38%         1
 Sublimation of Blood     Necr           0%         N/A       52%         2
 Wereblood                Tmut           0%         N/A       52%         2
 Confusing Touch          Hex            0%         N/A       77%         3
 Mephitic Cloud           Conj/Pois/Air  0%         N/A       77%         3
 Vampiric Draining        Necr           0%         2d6       77%         3
 Call Imp                 Summ           Unusable   N/A       N/A         2
 Summon Hydra             Summ           Unusable   N/A       N/A         7

Dungeon Overview and Level Annotations

Branches:
Dungeon (7/15)             Temple (1/1) D:5

Altars:
Ashenzari
Cheibriados
Dithmenos
Elyvilon
Fedhas
Gozag
Hepliaklqana
Kikubaaqudgha
Makhleb
Nemelex Xobeh
Okawaru
Qazlal
Ru
Sif Muna
Trog
Uskayaw
Vehumet
Wu Jian
Xom
Yredelemnul
Zin
The Shining One

Shops:
D:4 =

Annotations:
D:7 Prince Ribbit


Innate Abilities, Weirdness & Mutations

You can breathe blasts of noxious fumes.
Your lurid green scales are hard. (AC +6)
You cannot fit into any form of body armour.
Your system is resistant to poisons. (rPois)
You are cold-blooded and may be slowed by cold attacks.
Your mind is acute. (Int +4, Str/Dex-1)
Your muscles are strong. (Str +4, Int/Dex-1)


Message History

Prince Ribbit comes into view.
Prince Ribbit is nearby!
Prince Ribbit is nearby!
Prince Ribbit is nearby!
Prince Ribbit closely misses you.
You closely miss Prince Ribbit. Prince Ribbit hits you! x2
You closely miss Prince Ribbit. You tail-slap Prince Ribbit.
Prince Ribbit is lightly wounded.
Prince Ribbit hops awkwardly around.
Prince Ribbit misses you.
Prince Ribbit blinks!
You barely miss Prince Ribbit.
Prince Ribbit is lightly wounded.
Prince Ribbit hits you!
You hit Prince Ribbit. You tail-slap Prince Ribbit.
Prince Ribbit is lightly wounded.
Prince Ribbit hits you. Prince Ribbit hits you!
You are too injured to fight recklessly!
You are too injured to fight recklessly!
You miss Prince Ribbit.
Prince Ribbit is lightly wounded.
Prince Ribbit hits you.
Prince Ribbit blinks!
You miss Prince Ribbit.
Prince Ribbit is lightly wounded.
Prince Ribbit barely misses you. Prince Ribbit completely misses you.
You slash Prince Ribbit!
You feel better.
Prince Ribbit is moderately wounded.
Prince Ribbit closely misses you. Prince Ribbit hits you!
You slice Prince Ribbit!!
You feel better.
Prince Ribbit is almost dead.
Prince Ribbit blinks!
You miss Prince Ribbit.
Prince Ribbit is almost dead.
Prince Ribbit hits you!
* * * LOW HITPOINT WARNING * * *
Prince Ribbit hits you.
* * * LOW HITPOINT WARNING * * *
You closely miss Prince Ribbit.
Prince Ribbit is almost dead.
Prince Ribbit hits you!
You die...

.###..########### ###
................. #.##
#.........# ...#
#.........# ...###
#....###..#
.....###...## #..#
...........# #..##
.....###...# #.F.#
...### #...#####@.#
...### #..)..........#
.....###..######..####
#.........# #..#
..##.##.### #..#
#.#...#.###### #..#
#.........|.......#
###.....#########.#
##.......


You could see Prince Ribbit.

Vanquished Creatures
  2 vampire mosquitoes (D:5)
  An ice beast (D:5)
  A black bear (D:7)
  The ghost of attentat the Digger, an amateur DrEE (D:3)
  A centaur (D:5)
  A necrophage (D:6)
  2 scorpions
  2 wights (D:6)
  3 orc priests
  3 hounds
  3 jellies
  Natasha (thrice) (D:2)
  4 orc wizards
  4 adders
  A shadow imp (D:6)
  A worm (D:2)
  2 dart slugs
  21 orcs
  4 ball pythons
  7 endoplasms
  A giant cockroach (D:3)
  4 goblins
  6 hobgoblins
  A jackal (D:1)
  8 quokkas
  7 bats
  2 frilled lizards (D:3)
  8 kobolds
  7 rats
111 creatures vanquished.

Notes
Turn   | Place    | Note
-------+----------+-------------------------------------------
     0 | D:1      | DocClef the Draconian Fighter began the quest for the Orb.
     0 | D:1      | Reached XP level 1. HP: 19/19 MP: 1/1
   119 | D:1      | Reached XP level 2. HP: 15/27 MP: 2/2
   781 | D:2      | Reached skill level 5 in Fighting
   781 | D:2      | Reached XP level 3. HP: 23/36 MP: 3/3
   892 | D:2      | Found a faded altar of an unknown god.
   990 | D:2      | Noticed Natasha
   997 | D:2      | Killed Natasha
   997 | D:2      | Noticed Natasha
   998 | D:2      | Reached XP level 4. HP: 40/44 MP: 4/4
  1006 | D:2      | Killed Natasha
  1274 | D:2      | Noticed Natasha
  1282 | D:2      | Killed Natasha
  1454 | D:2      | Reached XP level 5. HP: 51/51 MP: 5/5
  2154 | D:3      | Found a runed translucent door.
  2155 | D:3      | Noticed attentat's ghost (amateur DrEE)
  2768 | D:3      | Killed attentat's ghost
  2769 | D:3      | Reached XP level 6. HP: 16/60 MP: 6/6
  2789 | D:3      | Gained mutation: Your mind is acute. (Int +4, Str/Dex-1)
                  | [potion of mutation]
  2789 | D:3      | Gained mutation: Your muscles are strong. (Str +4,
                  | Int/Dex-1) [potion of mutation]
  3574 | D:4      | Identified a scroll of acquirement
  3574 | D:4      | Acquired a +1 vampiric broad axe
  3724 | D:4      | Found Nuafap's Jewellery Shoppe.
  4190 | D:5      | Entered Level 5 of the Dungeon
  4311 | D:5      | Noticed a vampire mosquito
  4311 | D:5      | Noticed a vampire mosquito
  4326 | D:5      | Killed a vampire mosquito
  4327 | D:5      | Your scales start taking on a lurid green colour.
  4327 | D:5      | Reached XP level 7. HP: 23/68 MP: 7/7
  4327 | D:5      | Gained mutation: Your system is resistant to poisons.
                  | (rPois) [Green Draconian growth]
  4329 | D:5      | HP: 2/68 [vampire mosquito (4)]
  4334 | D:5      | Killed a vampire mosquito
  4691 | D:5      | Reached skill level 5 in Axes
  4836 | D:5      | Found a staircase to the Ecumenical Temple.
  4866 | Temple   | Entered the Ecumenical Temple
  5177 | Temple   | Became a worshipper of Warmaster Okawaru
  5538 | D:5      | Identified the ring of Buoxt {rN+ EV+4 Dex+5 Stlth+}
  5873 | D:6      | Reached XP level 8. HP: 73/74 MP: 8/8
  5920 | D:6      | Reached * piety under Okawaru
  5922 | D:6      | Found an ornate altar of the Wu Jian Council.
  6520 | D:7      | Noticed Prince Ribbit
  6537 | D:7      | Slain by Prince Ribbit

Illustrated notes

Levels and vault maps discovered:
D:1:      tarquinn_simple_flora_water_a, layout_rooms, minmay_pentomino_t4
D:2:      layout_basic, hellmonk_ecumenical_altar_arch_garden,
          kennysheep_generic_room_3, uniq_natasha
D:3:      layout_loops_cross, hellmonk_ghost_happy_afterlife
D:4:      layout_loops_cross, serial_shops, shop, kennysheep_generic_room_13
D:5:      layout_cave_pools, minmay_temple_entry_gardened_gates,
          kennysheep_cross_bottleneck
D:6:      layout_basic, lemuel_round_altar, uniq_blork_the_orc
D:7:      layout_loops_ring, nicolae_wooded_promenade, uniq_prince_ribbit1,
          uniq_joseph
Temple:   roderic_octagonal_lattice_temple

Skill      XL: |  1  2  3  4  5  6  7  8 |
---------------+-------------------------+-----
Fighting       | 4 5 6 7 8 |  8.0
Axes           | 4 6 8 |  8.3
Dodging        | |  2.6
Shields        | |  3.0

Action                   |  1- 3 |  4- 6 |  7- 9 || total
-------------------------+-------+-------+-------++-------
Melee: War axe           |    87 |   125 |       ||   212
       Tailslap          |     9 |    13 |    17 ||    39
       Broad axe         |       |    27 |   121 ||   148
 Abil: Breathe Noxious F |       |       |     1 ||     1
  Use: Scroll            |       |    14 |     1 ||    15
       Potion            |       |     5 |     1 ||     6
 Stab: Sleeping          |     1 |     2 |       ||     3
Armor: Skin              |    30 |    59 |    40 ||   129
Dodge: Dodged            |    56 |   109 |    71 ||   236
Block: Buckler           |    29 |    40 |    21 ||    90

Table legend: (Time is in decaauts)
 A = Elapsed time spent in this place.
 B = Non-inter-level travel time spent in this place.
 C = Inter-level travel time spent in this place.
 D = Time resting spent in this place.
 E = Time spent auto-exploring this place.
 F = Levels seen in this place.
 G = Mean time per level.
                   A        B        C        D        E       F      G
               +--------+--------+--------+--------+--------+-----+--------+
         Total |   6680 |   6504 |    176 |   1577 |   3937 |   8 |  835.0 |
       Dungeon |   6347 |   6231 |    116 |   1577 |   3688 |   7 |  906.7 |
        Temple |    332 |    272 |     60 |      0 |    249 |   1 |  332.0 |
               +--------+--------+--------+--------+--------+-----+--------+

Top non-repeatable levels by time:
     D:2: 1250 daAuts
     D:4: 1236 daAuts
     D:5: 1192 daAuts
     D:3: 1103 daAuts
     D:1: 699 daAuts
     D:6: 547 daAuts
  Temple: 332 daAuts
     D:7: 319 daAuts
